 Dungeon Crawl Stone Soup version 0.29-a0-330-g52719c12eb (webtiles) character file.

Game seed: 1354117638902157248

316340 Alarak the Executioner (level 20, -7/297 HPs)
             Began as a Minotaur Fighter on Apr 11, 2022.
             Was a High Priest of Okawaru.
             Killed from afar by a deep elf annihilator (80 damage)
             ... with a crystal spear
             ... on level 3 of the Elven Halls on Apr 13, 2022.
             The game lasted 02:44:29 (54061 turns).

Alarak the Executioner (Minotaur Fighter)          Turns: 54061, Time: 02:44:30

Health: -7/297     AC: 30    Str: 40    XL:     20   Next: 53%
Magic:  23/28      EV: 15    Int:  4    God:    Okawaru [*****.]
Gold:   4077       SH:  5    Dex:  8    Spells: 19/19 levels left

rFire   + . .      SeeInvis .   Y - +12 executioner's axe of Skirmishing {drain, Str+6 Dex-4}
rCold   + . .      Faith    .   (shield currently unavailable)
rNeg    + . .      Spirit   .   I - +6 storm dragon scales of Rismiawn {rElec Int+2}
rPois   +          Reflect  +   (helmet restricted)
rElec   +          Harm     .   F - scarf {rC+ rF+}
rCorr   .          Rampage  .   (no gloves)
Will    +....                   K - +0 pair of boots {Fly}
Stlth   ..........              P - amulet of reflection
HPRegen 0.59/turn               x - ring of Alyqegy {+Blink rPois rN+ Int-3 Slay+4}
MPRegen 0.21/turn               T - +6 ring of strength

@: mighty, berserking, heroic, flying, very quick
A: horns 2, retaliatory headbutt
}: 2/15 runes: barnacled, gossamer
a: Renounce Religion, Evoke Blink, Heroism, Finesse, Duel


You were on level 3 of the Elven Halls.
You worshipped Okawaru.
Okawaru was extremely pleased with you.
You visited 7 branches of the dungeon, and saw 35 of its levels.
You visited the Abyss 1 time.
You also visited: Sewer, Bailey and Ice Cave.

You collected 4504 gold pieces.
You spent 427 gold pieces at shops.

Inventory:

Hand Weapons
 J - the +5 demon whip "Spellbinder" {antimagic, Will+}
   (You found it in a bailey)

   It reduces the magical energy of the wielder, and disrupts the spells and
   magical abilities of those it strikes.
   Natural abilities and divine invocations are not affected.
   It unleashes wild and unpredictable magical effects upon striking a wizard or
   a creature with magical abilities.
   Will:      It increases your willpower.
 S - the +11 battleaxe of the Philosopher {flame, Drain rPois Str+7}
   (You took it off an orc wizard on level 9 of the Dungeon)

   It burns those it strikes, dealing additional fire damage.
   Big, fiery blades are also staple armaments of hydra-hunters.
   Str:       It affects your strength (+7).
   rPois:     It protects you from poison.
   Drain:     It drains your maximum health when unequipped.
 Y - the +12 executioner's axe of Skirmishing (weapon) {drain, Str+6 Dex-4}
   (Okawaru gifted it to you on level 2 of the Shoals)

   A truly terrible weapon, it drains the life of any living foe it strikes.
   Str:       It affects your strength (+6).
   Dex:       It affects your dexterity (-4).
Armour
 p - the +2 pair of boots of Esuisiok {Will+}
   (You found it on level 4 of the Spider Nest)

   Will:      It increases your willpower.
 A - a +2 cloak
 F - a scarf of resistance (worn)
 I - the +6 storm dragon scales of Rismiawn (worn) {rElec Int+2}
   (You found it in a bailey)

   Int:       It affects your intelligence (+2).
   rElec:     It insulates you from electricity.
 K - a +0 pair of boots of flying (worn)
Jewellery
 g - a ring of protection from fire
 h - a +6 ring of strength
 i - a ring of poison resistance
 l - a +4 ring of protection
 o - the ring of the Blue Skies {EV+4 Slay+3}
   (You took it off a deep elf zephyrmancer on level 3 of the Elven Halls)

   [ring of evasion]

   EV:        It affects your evasion (+4).
   Slay:      It affects your accuracy & damage with ranged weapons and melee
   (+3).
 q - a ring of see invisible
 x - the ring of Alyqegy (left hand) {+Blink rPois rN+ Int-3 Slay+4}
   (You found it on level 14 of the Dungeon)

   [ring of slaying]

   Int:       It affects your intelligence (-3).
   Slay:      It affects your accuracy & damage with ranged weapons and melee
   (+4).
   rPois:     It protects you from poison.
   rN:        It protects you from negative energy.
   +Blink:    It lets you blink.
 P - an amulet of reflection (around neck)
 T - a +6 ring of strength (right hand)
 X - a ring of protection from cold
 Z - a ring of positive energy
Wands
 n - a wand of paralysis (19)
 r - a wand of mindburst (3)
 G - a wand of acid (10)
 L - a wand of flame (19)
 M - a wand of digging (21)
 O - a wand of iceblast (31)
 Q - a wand of polymorph (11)
Scrolls
 a - 3 scrolls of fear
 b - 2 scrolls of enchant weapon
 c - 2 scrolls of silence
 e - a scroll of acquirement
 m - 6 scrolls of enchant armour
 u - 8 scrolls of teleportation
 y - 3 scrolls of brand weapon
 D - 10 scrolls of magic mapping
 E - 3 scrolls of holy word
 H - 2 scrolls of blinking
 N - 7 scrolls of fog
 V - 7 scrolls of amnesia
Potions
 d - 6 potions of might
 j - 12 potions of curing
 k - a potion of berserk rage
 s - 5 potions of ambrosia
 v - a potion of heal wounds
 w - 4 potions of cancellation
 z - 5 potions of brilliance
 B - 8 potions of mutation
 C - 7 potions of haste
 U - a potion of invisibility
 W - 4 potions of resistance
Miscellaneous
 f - a lightning rod (4/4)
 R - a condenser vane


   Skills:
 + Level 21.1(26.1) Fighting
 - Level 23.8(27) Axes
 - Level 14.5(25.8) Maces & Flails
 - Level 22.5(27) Armour
 - Level 14.0(19.0) Dodging
 - Level 3.6(8.6) Shields
 - Level 12.9 Invocations


You had 19 spell levels left.
You didn't know any spells.
Your spell library contained the following spells:

 Spells                   Type           Power      Damage    Failure   Level
 Apportation              Tloc           0%         N/A       67%         1
 Magic Dart               Conj           0%         1d3       67%         1
 Shock                    Conj/Air       0%         1d3       67%         1
 Slow                     Hex            0%         N/A       67%         1
 Sting                    Tmut/Pois      0%         1d3       67%         1
 Blink                    Tloc           0%         N/A       82%         2
 Corpse Rot               Necr/Air       0%         N/A       82%         2
 Ensorcelled Hibernation  Hex/Ice        0%         N/A       82%         2
 Passwall                 Tmut/Erth      0%         N/A       82%         2
 Poisonous Vapours        Pois/Air       0%         N/A       82%         2
 Scorch                   Fire           0%         2d5       82%         2
 Confusing Touch          Hex            0%         N/A       96%         3
 Frozen Ramparts          Ice            0%         1d2       96%         3
 Ignite Poison            Fire/Tmut/Pois 0%         N/A       96%         3
 Lesser Beckoning         Tloc           0%         N/A       96%         3
 Mephitic Cloud           Conj/Pois/Air  0%         N/A       96%         3
 Ozocubu's Armour         Ice            0%         N/A       96%         3
 Vampiric Draining        Necr           0%         2d6       96%         3
 Airstrike                Air            0%         N/A       100%        4
 Flame Wave               Conj/Fire      0%         2d4       100%        4
 Ice Form                 Ice/Tmut       0%         N/A       100%        4
 Olgreb's Toxic Radiance  Pois           0%         N/A       100%        4
 Alistair's Intoxication  Tmut/Pois      0%         N/A       100%        5
 Blade Hands              Tmut           0%         N/A       100%        5
 Freezing Cloud           Conj/Ice/Air   0%         6-21      100%        5
 Irradiate                Conj/Tmut      0%         3d13      100%        5
 Lightning Bolt           Conj/Air       0%         1d11      100%        5
 Manifold Assault         Tloc           0%         N/A       100%        5
 Iron Shot                Conj/Erth      0%         9d1       100%        6
 Statue Form              Tmut/Erth      0%         N/A       100%        6
 Ozocubu's Refrigeration  Ice            0%         4d5       100%        7
 Polar Vortex             Ice            0%         N/A       100%        9
 Animate Skeleton         Necr           Unusable   N/A       N/A         1
 Summon Small Mammal      Summ           Unusable   N/A       N/A         1
 Call Imp                 Summ           Unusable   N/A       N/A         2
 Call Canine Familiar     Summ           Unusable   N/A       N/A         3
 Summon Guardian Golem    Hex/Summ       Unusable   N/A       N/A         3
 Animate Armour           Summ/Erth      Unusable   N/A       N/A         4
 Summon Ice Beast         Ice/Summ       Unusable   N/A       N/A         4
 Summon Lightning Spire   Summ/Air       Unusable   N/A       N/A         4
 Summon Cactus Giant      Summ           Unusable   N/A       N/A         6

Dungeon Overview and Level Annotations

Branches:
Dungeon (15/15)            Temple (1/1) D:6            Lair (6/6) D:8
 Shoals (4/4) Lair:4       Spider (4/4) Lair:3        Slime (0/5) Lair:5
    Orc (2/2) D:11            Elf (3/3) Orc:2        Vaults (0/5) D:14
 Depths (0/4) D:15          Sewer (visited)          Bailey (visited)
  IceCv (visited)

Altars:
Ashenzari
Cheibriados
Dithmenos
Elyvilon
Fedhas
Gozag
Hepliaklqana
Kikubaaqudgha
Makhleb
Nemelex Xobeh
Okawaru
Qazlal
Ru
Sif Muna
Trog
Uskayaw
Vehumet
Wu Jian
Xom
Yredelemnul
Zin
The Shining One
Beogh

Shops:
D:3 [   D:5 *   D:15 :!   Orc:1 :   Orc:2 (?[[   Shoals:2 *

Portals:
Trove: D:14 (give horn of Geryon)

Annotations:
Lair:2 exclusion: oklob plant


Innate Abilities, Weirdness & Mutations

You have a pair of horns on your head.
You reflexively headbutt those who attack you in melee.


Message History

The deep elf master archer is healed.
The deep elf high priest is healed.
The deep elf blademaster is healed.
The deep elf master archer shoots an arrow.
The arrow hits you!
Things that are here:
a +0 rapier; an elf corpse You slice the deep elf death mage!!
You kill the deep elf death mage!
Okawaru accepts your kill.
You hit the deep elf high priest. You drain the deep elf high priest.
You slice the deep elf master archer like a ripe choko!!!
You slice the deep elf blademaster!!
You kill the deep elf blademaster!
Okawaru accepts your kill.
The tormentor calls on the powers of darkness!
The deep elf demonologist convulses!
The deep elf annihilator convulses!
The deep elf high priest convulses!
Your body is wracked with pain!
* * * LOW HITPOINT WARNING * * *
The deep elf master archer convulses!
The deep elf demonologist gestures wildly while chanting.
The deep elf annihilator mumbles some strange words.
The deep elf annihilator blinks!
The deep elf master archer drinks a potion.
The deep elf master archer is healed!
You block the deep elf high priest's attack.
Your base Fighting skill increases to level 21!
You miss the deep elf high priest. You headbutt the deep elf high priest!
You kill the deep elf high priest!
Okawaru accepts your kill.
You slice the deep elf master archer!! You drain the deep elf master archer.
You kill the deep elf master archer!
Okawaru accepts your kill.
You slice the sun demon!!
The sun demon hits you but does no damage.
You cut the sun demon into ribbons!!!!
You kill the sun demon!
The sun demon disappears in a puff of smoke!
The deep elf annihilator gestures at you while chanting.
The crystal spear hits you!!!!
You die...

###
##.###############.
##).)## ##.....##
#..))...# ##.))..##
##...## ##)##
##)))## #.)@).##
.....e§).......
.#.3..3..e...#. #
#.2#3....#..# .##
#....##.##....##
...## .....
####.....#§....#
.....
#......§§§⌠... ...
##....e#§..4?#
#..§§## .4.##


You could see a deep elf annihilator (empowered), a soul eater (summoned), 2 sun
demons, a deep elf demonologist (empowered) and a tormentor (summoned).

Vanquished Creatures
  Bai Suzhen (Arena)
  Saint Roka (Arena)
  Arachne (Spider:4)
  Jorgrun (D:13)
  2 deep elf blademasters
  2 deep elf master archers (Elf:3)
  Polyphemus (Shoals:4)
  The ghost of Gizxutwo the Severer, an adept MiBe of Trog (Shoals:3)
  Gastronok (D:10)
  A kraken (Shoals:2)
  Roxanne (Shoals:4)
  Ilsuiw (Shoals:4)
  12 emperor scorpions
  The ghost of Tribosh the Warrior, an adept GrFi of Okawaru (Shoals:2)
  An orc warlord (Orc:1)
  5 ghost moths
  The ghost of Rithrul the Stormcaller, an adept TeAE of Vehumet (Shoals:3)
  2 deep elf sorcerers
  3 deep elf elementalists (Elf:3)
  3 broodmothers
  A reaper (IceCv)
  3 entropy weavers
  The ghost of Ikikoito the Grappler, a journeyman TrFi of Okawaru (Lair:4)
  3 spark wasps
  5 deep elf demonologists
  5 deep elf annihilators
  Azrael (Arena)
  A dire elephant (D:15)
  5 deep elf death magi
  The ghost of jt the Cleaver, a journeyman GrDe of Makhleb (Lair:5)
  8 merfolk impalers
  6 merfolk javelineers
  5 deep elf high priests
  2 fire dragons (Shoals:3)
  The ghost of Daukul the Unseen, a journeyman SpBr of Dithmenos (Lair:6)
  The ghost of Daukul the Unseen, a journeyman SpBr of Dithmenos (Lair:6)
  A great orb of eyes (D:15)
  3 rakshasas
  Harold (D:10)
  10 boulder beetles
  Erolcha (D:13)
  7 hydras
  4 ogre magi
  A catoblepas (Shoals:4)
  22 two-headed ogres
  5 merfolk avatars
  7 merfolk aquamancers
  2 death knights
  12 death yaks
  15 centaur warriors
  2 satyrs (Shoals:3)
  A death scarab (Spider:2)
  A radroach (Spider:1)
  2 jorogumos
  Urug (D:11)
  A tengu warrior (Shoals:2)
  30 dancing weapons
  Amaemon (D:11)
  Nergalle (D:11)
  21 deep elf knights
  9 pharaoh ants
  4 skeletal warriors
  2 deep trolls (Orc:2)
  A sun moth (Spider:1)
  11 steelbarb worms
  5 sea snakes
  An obsidian statue (Shoals:2)
  9 orb spiders
  2 wizards (D:14)
  17 deep elf archers
  An orc knight (Orc:2)
  12 harpies
  A phantasmal warrior (D:15)
  17 deep elf zephyrmancers
  29 wolf spiders
  42 deep elf pyromancers
  4 ugly things
  A manticore (shapeshifter) (Elf:1)
  An orc sorcerer (Orc:1)
  18 manticores
  12 fauns
  12 merfolk sirens
  17 cyclopes
  5 moths of wrath
  12 elephants
  9 black mambas
  5 water nymphs
  A guardian serpent (shapeshifter) (D:14)
  3 torpor snails
  A gargoyle (D:14)
  2 ice statues (IceCv)
  An orange demon (D:11)
  9 cane toads
  9 komodo dragons
  An efreet (D:14)
  8 rime drakes
  Maggie (D:7)
  7 demonic crawlers
  A kobold demonologist (D:10)
  A tengu conjurer (Shoals:2)
  A yaktaur (D:14)
  9 polar bears
  3 freezing wraiths
  15 trolls
  5 ice devils (IceCv)
  42 merfolk
  A wind drake (shapeshifter) (D:15)
  12 meliai
  7 wind drakes
  14 slime creatures
  34 tarantellas
  13 hornets
  16 blink frogs
  8 snapping turtles
  31 dream sheep
  2 air elementals (Elf:3)
  A centaur simulacrum (D:14)
  21 jumping spiders
  24 culicivoras
  2 spriggans (Lair:4)
  6 wyverns
  A spriggan (shapeshifter) (D:15)
  15 water elementals
  A wraith (D:15)
  A vampire (D:13)
  7 fire elementals
  4 basilisks
  67 yaks
  56 redbacks
  20 vampire mosquitoes
  6 steam dragons
  A neqoxec (Abyss:2)
  2 harpy simulacra (IceCv)
  5 acid dragons
  Duvessa (D:4)
  15 water moccasins
  A black bear (Lair:4)
  3 hell hounds (Elf:2)
  A swamp drake (D:11)
  27 orc warriors
  4 ice beasts
  A wolf (Lair:4)
  27 ogres
  3 boggarts
  37 centaurs
  3 kobold brigands
  A gnoll sergeant (D:8)
  12 bullfrogs
  35 scorpions
  2 cane toad simulacra (IceCv)
  2 necrophages (D:6)
  2 two-headed ogre simulacra (IceCv)
  An earth elemental (Elf:3)
  Dowan (D:4)
  14 wights
  20 killer bees
  3 elephant simulacra (IceCv)
  9 electric eels
  2 howler monkeys
  18 jellies
  4 hounds
  18 orc priests
  A gnoll shaman (D:4)
  Ijyb (D:4)
  21 orc wizards
  4 iguanas
  5 troll simulacra (IceCv)
  3 spriggan simulacra (IceCv)
  A wolf simulacrum (IceCv)
  18 gnolls
  2 river rats (Sewer)
  10 adders
  A naga simulacrum (IceCv)
  15 white imps
  4 worms
  121 orcs
  15 ball pythons
  8 endoplasms
  5 giant cockroaches
  7 goblins
  4 hobgoblins
  11 jackals
  5 quokkas
  5 bats
  3 frilled lizards
  22 kobolds
  18 rats
  A bush (Shoals:3)
  A fungus (Lair:6)
  4 tentacles (Shoals:2)
1583 creatures vanquished.

Vanquished Creatures (others)
  A deep elf zephyrmancer (Elf:1)
  A water nymph (Shoals:4)
  A killer bee (D:11)
  2 orc wizards
  An adder (D:6)
  3 orcs
  17 fungi
  93 plants
  A tentacle (Shoals:2)
  6 withered plants (Lair:6)
126 creatures vanquished.

Grand Total: 1709 creatures vanquished

Notes
Turn   | Place    | Note
-------+----------+-------------------------------------------
     0 | D:1      | Alarak the Minotaur Fighter began the quest for the Orb.
     0 | D:1      | Reached XP level 1. HP: 19/19 MP: 0/0
   181 | D:1      | Reached XP level 2. HP: 26/26 MP: 1/1
   444 | D:1      | Found a faded altar of an unknown god.
   942 | D:1      | Reached XP level 3. HP: 29/31 MP: 2/2
  1320 | D:2      | Reached skill level 5 in Maces & Flails
  1955 | D:3      | Found a sacrificial altar of Ru.
  2044 | D:3      | Reached XP level 4. HP: 37/39 MP: 3/3
  2398 | D:3      | Found Qizip's Antique Armour Boutique.
  2548 | D:3      | Found a glowing drain.
  2558 | Sewer    | Entered a sewer
  2708 | Sewer    | Reached XP level 5. HP: 45/45 MP: 4/4
  3953 | D:3      | Bought a runed cloak for 172 gold pieces
  3998 | D:4      | Noticed a water moccasin
  4002 | D:4      | Killed a water moccasin
  4003 | D:4      | Reached XP level 6. HP: 51/51 MP: 5/5
  4324 | D:4      | Noticed Ijyb
  4330 | D:4      | Killed Ijyb
  4347 | D:4      | You fall into a shaft and drop 1 floor!
  4347 | D:5      | Entered Level 5 of the Dungeon
  4405 | D:5      | Noticed a water moccasin
  4416 | D:5      | Killed a water moccasin
  4417 | D:5      | Reached XP level 7. HP: 38/57 MP: 6/6
  4766 | D:4      | Noticed a steam dragon
  4772 | D:4      | Killed a steam dragon
  4773 | D:4      | Reached skill level 10 in Maces & Flails
  4928 | D:4      | Noticed Duvessa
  4928 | D:4      | Noticed Dowan
  4935 | D:4      | Killed Duvessa
  4936 | D:4      | Killed Dowan
  4937 | D:4      | Reached XP level 8. HP: 49/64 MP: 7/7
  5505 | D:5      | Found Daluajog's Assorted Antiques.
  5631 | D:5      | Bought a coral ring for 105 gold pieces
  6620 | D:6      | Reached XP level 9. HP: 40/70 MP: 8/8
  7409 | D:6      | Found a staircase to the Ecumenical Temple.
  7419 | Temple   | Entered the Ecumenical Temple
  7437 | Temple   | Became a worshipper of Warmaster Okawaru
  7723 | D:7      | Found a flagged portal.
  7768 | Bailey   | Entered a bailey
  8464 | Bailey   | Reached skill level 5 in Fighting
  8586 | Bailey   | Found the +5 demon whip "Spellbinder" {antimagic, Will+}
  8592 | Bailey   | Identified the +6 storm dragon scales of Rismiawn {rElec
                  | Int+2}
  8881 | D:7      | Noticed Maggie
  8893 | D:7      | Killed Maggie
  8893 | D:7      | Reached * piety under Okawaru
  9643 | D:8      | Reached ** piety under Okawaru
  9809 | D:8      | Reached XP level 10. HP: 93/93 MP: 3/9
  9812 | D:8      | Reached skill level 10 in Fighting
 10420 | D:8      | Noticed a cyan ugly thing
 10432 | D:8      | Killed a cyan ugly thing
 10432 | D:8      | Reached *** piety under Okawaru
 10505 | D:8      | Found a staircase to the Lair.
 10724 | D:9      | Identified a scroll of acquirement
 10724 | D:9      | Acquired a manual of Fighting
 11050 | D:9      | Reached **** piety under Okawaru
 11069 | D:9      | Reached skill level 15 in Fighting
 11186 | D:9      | Identified the +11 battleaxe of the Philosopher {flame,
                  | Drain rPois Str+7}
 11693 | D:9      | Reached XP level 11. HP: 108/112 MP: 3/10
 11857 | D:10     | Entered Level 10 of the Dungeon
 11905 | D:10     | Reached ***** piety under Okawaru
 12010 | D:10     | Noticed Gastronok
 12021 | D:10     | Killed Gastronok
 12840 | D:10     | Noticed Harold
 12848 | D:10     | Killed Harold
 13161 | D:11     | Noticed Nergalle
 13168 | D:11     | Killed Nergalle
 13169 | D:11     | Reached skill level 2 in Axes
 13223 | D:11     | Reached skill level 3 in Axes
 13242 | D:11     | Reached skill level 4 in Axes
 13268 | D:11     | Noticed a skeletal warrior
 13276 | D:11     | Noticed a skeletal warrior
 13276 | D:11     | Noticed a skeletal warrior
 13282 | D:11     | Killed a skeletal warrior
 13283 | D:11     | Reached skill level 5 in Axes
 13287 | D:11     | Killed a skeletal warrior
 13287 | D:11     | Reached ****** piety under Okawaru
 13287 | D:11     | Identified the +0 pair of gloves of the Planets {-Tele rN+
                  | Int+7} (Okawaru gifted it to you on level 11 of the
                  | Dungeon)
 13287 | D:11     | Received a gift from Okawaru
 13288 | D:11     | Reached skill level 6 in Axes
 13294 | D:11     | Killed a skeletal warrior
 13664 | D:11     | Reached skill level 7 in Axes
 13724 | D:11     | Reached XP level 12. HP: 93/130 MP: 11/11
 13886 | D:11     | Reached skill level 8 in Axes
 14016 | D:11     | Found a staircase to the Orcish Mines.
 14070 | D:11     | Noticed a boulder beetle
 14087 | D:11     | Reached skill level 9 in Axes
 14090 | D:11     | Killed a boulder beetle
 14285 | D:11     | Reached skill level 10 in Axes
 14515 | D:11     | Noticed Amaemon
 15136 | D:11     | Killed Amaemon
 15137 | D:11     | Reached skill level 11 in Axes
 15237 | D:11     | Noticed Urug
 15243 | D:11     | Killed Urug
 15441 | D:12     | Reached skill level 12 in Axes
 15569 | D:12     | Noticed a five-headed hydra
 15576 | D:12     | Killed a two-headed hydra
 15576 | D:12     | Received a gift from Okawaru
 15577 | D:12     | Reached skill level 13 in Axes
 16008 | D:12     | Noticed a two-headed ogre
 16013 | D:12     | Killed a two-headed ogre
 16505 | D:13     | Reached skill level 14 in Axes
 16641 | D:13     | Noticed a centaur warrior
 16907 | D:13     | Noticed a centaur warrior
 16915 | D:13     | Killed a centaur warrior
 16916 | D:13     | Reached XP level 13. HP: 87/137 MP: 12/12
 16927 | D:13     | Reached skill level 15 in Axes
 17322 | D:13     | Noticed Jorgrun
 17325 | D:13     | Identified the +7 broad axe "Huirus" {vorpal, rF+ Will+
                  | Int+2} (Okawaru gifted it to you on level 13 of the
                  | Dungeon)
 17325 | D:13     | Received a gift from Okawaru
 17356 | D:13     | HP: 2/137 [Jorgrun/blast of crystal shards (13)]
 17880 | Lair:1   | Entered Level 1 of the Lair of Beasts
 18039 | Lair:1   | Found a frozen archway.
 18246 | IceCv    | Entered an ice cave
 18432 | IceCv    | Noticed a reaper
 18447 | IceCv    | Killed a reaper
 18448 | IceCv    | Reached skill level 16 in Axes
 18837 | IceCv    | Got Sif Muna's Handbook of the Frostbite
 19509 | Lair:1   | Reached skill level 17 in Axes
 19564 | Lair:1   | Received a gift from Okawaru
 20719 | Lair:2   | Reached skill level 18 in Axes
 20853 | Lair:2   | Found a blossoming altar of Fedhas.
 21225 | Lair:1   | Identified the +5 ring mail "Unef" {rElec rC- Regen+ Int+8}
 21488 | Lair:3   | Identified the +2 plate armour of Asceticism {rElec Will+
                  | rCorr} (Okawaru gifted it to you on level 3 of the Lair of
                  | Beasts)
 21488 | Lair:3   | Received a gift from Okawaru
 21901 | Lair:3   | Reached skill level 5 in Armour
 22180 | Lair:3   | Found a hole to the Spider Nest.
 22185 | Lair:3   | Reached skill level 1 in Invocations
 22509 | Lair:4   | Found a broken altar of Ashenzari.
 22526 | Lair:4   | Reached XP level 14. HP: 146/146 MP: 14/14
 22730 | Lair:4   | Found a staircase to the Shoals.
 22991 | Lair:4   | Found a runed translucent door.
 22994 | Lair:4   | Noticed Ikikoito's ghost (journeyman TrFi)
 22994 | Lair:4   | Identified the +2 trident of Doggev {flame, rPois Dex+5}
 23526 | Orc:1    | Entered Level 1 of the Orcish Mines
 23578 | Orc:1    | Noticed an orc warlord
 23595 | Orc:1    | Killed an orc warlord
 24290 | Orc:2    | Entered Level 2 of the Orcish Mines
 24342 | Orc:2    | Found a staircase to the Elven Halls.
 24365 | Orc:2    | Found Joly's Antique Armour Shoppe.
 24382 | Orc:2    | Reached skill level 5 in Invocations
 24390 | Orc:2    | Reached skill level 10 in Armour
 24697 | Orc:2    | Found Huofakod's Antique Weapon Emporium.
 24698 | Orc:2    | Found Athrathoz's Armour Shoppe.
 24699 | Orc:2    | Found Ror Imup's Magic Scroll Boutique.
 25269 | Orc:2    | Bought a scroll of identify for 30 gold pieces
 25269 | Orc:2    | Bought 3 scrolls of identify for 90 gold pieces
 25269 | Orc:2    | Bought a scroll of identify for 30 gold pieces
 25411 | Orc:1    | Found Beplojum's Book Shoppe.
 25733 | Lair:4   | Received a gift from Okawaru
 25743 | Lair:4   | Killed Ikikoito's ghost
 26098 | Lair:5   | Found a staircase to the Slime Pits.
 26116 | Lair:5   | Identified the +2 falchion of Premature Burial {vorpal,
                  | rF+} (Okawaru gifted it to you on level 5 of the Lair of
                  | Beasts)
 26116 | Lair:5   | Received a gift from Okawaru
 26279 | Lair:5   | Reached XP level 15. HP: 140/152 MP: 20/20
 26371 | Lair:5   | Found a runed translucent door.
 26371 | Lair:5   | Found a shimmering altar of Xom.
 26371 | Lair:5   | Noticed jt's ghost (journeyman GrDe)
 26371 | Lair:5   | Identified the +0 great mace of Extremism {chaos, +Blink
                  | rF+ Str-3}
 26388 | Lair:5   | Killed jt's ghost
 26767 | Lair:6   | Entered Level 6 of the Lair of Beasts
 26852 | Lair:6   | Identified the +2 dire flail of Qucenaa {flame, Dex+4}
                  | (Okawaru gifted it to you on level 6 of the Lair of Beasts)
 26852 | Lair:6   | Received a gift from Okawaru
 26859 | Lair:6   | Reached skill level 10 in Invocations
 27822 | Lair:6   | Identified the +1 pair of boots of Skepticism {Harm rPois
                  | Int-2 Stlth+} (Okawaru gifted it to you on level 6 of the
                  | Lair of Beasts)
 27822 | Lair:6   | Received a gift from Okawaru
 27885 | Lair:6   | Found a runed translucent gate.
 27885 | Lair:6   | Found a runed translucent gate.
 27885 | Lair:6   | Found a runed translucent gate.
 27886 | Lair:6   | Noticed Daukul's ghost (journeyman SpBr)
 27888 | Lair:6   | Noticed Daukul's ghost (journeyman SpBr)
 28198 | Lair:6   | Killed Daukul's ghost
 28201 | Lair:6   | Killed Daukul's ghost
 28262 | Lair:6   | Upgraded the game from 0.29-a0-323-g050149af67 to
                  | 0.29-a0-330-g52719c12eb
 28371 | Spider:1 | Entered Level 1 of the Spider Nest
 29279 | Spider:1 | Identified the +2 buckler of Claustrophobia {rPois rF-
                  | Dex+7 SInv} (Okawaru gifted it to you on level 1 of the
                  | Spider Nest)
 29279 | Spider:1 | Received a gift from Okawaru
 29310 | Spider:1 | Reached XP level 16. HP: 127/159 MP: 24/24
 30082 | Spider:1 | Reached skill level 15 in Armour
 30561 | Spider:2 | You fall into a shaft and drop 1 floor!
 30999 | Spider:2 | Identified the +4 scale mail "Meut" {rF+ Int+2} (Okawaru
                  | gifted it to you on level 2 of the Spider Nest)
 30999 | Spider:2 | Received a gift from Okawaru
 32502 | Spider:3 | Identified the +0 kite shield of the Spider Nest {Rampage}
 32807 | Spider:4 | Entered Level 4 of the Spider Nest
 33120 | Spider:4 | Reached XP level 17. HP: 154/168 MP: 25/25
 33782 | Spider:4 | Received a gift from Okawaru
 33832 | Spider:4 | Identified the +2 pair of boots of Esuisiok {Will+}
 33926 | Spider:4 | Received a gift from Okawaru
 34480 | Spider:4 | Noticed Arachne
 34489 | Spider:4 | Killed Arachne
 35119 | Spider:4 | Got a gossamer rune of Zot
 35305 | Shoals:1 | Entered Level 1 of the Shoals
 36719 | Shoals:2 | Noticed a kraken
 36734 | Shoals:2 | Killed a kraken
 37300 | Shoals:2 | Found a runed translucent gate.
 37300 | Shoals:2 | Found a runed translucent gate.
 37300 | Shoals:2 | Found a runed translucent gate.
 37302 | Shoals:2 | Found an opulent altar of Gozag.
 37302 | Shoals:2 | Found Extuesi's Assorted Antiques.
 37304 | Shoals:2 | Noticed Tribosh's ghost (adept GrFi)
 37331 | Shoals:2 | Identified the +12 executioner's axe of Skirmishing {drain,
                  | Str+6 Dex-4} (Okawaru gifted it to you on level 2 of the
                  | Shoals)
 37331 | Shoals:2 | Received a gift from Okawaru
 38128 | Shoals:2 | Identified the +3 scale mail "Zirest" {rPois rC++ Str-5}
 38291 | Shoals:2 | Killed Tribosh's ghost
 38770 | Shoals:3 | Reached skill level 19 in Axes
 39432 | Shoals:2 | Reached XP level 18. HP: 157/160 MP: 26/26
 39695 | Shoals:3 | Found a runed translucent gate.
 39696 | Shoals:3 | Found a runed translucent gate.
 40017 | Shoals:3 | Found a runed translucent gate.
 40018 | Shoals:3 | Noticed Rithrul's ghost (adept TeAE)
 40025 | Shoals:3 | Noticed Gizxutwo's ghost (adept MiBe)
 40453 | Shoals:3 | Identified the +1 shortbow of Nightmares {freeze, *Corrode
                  | Will+ Int+8 Dex+4} (Okawaru gifted it to you on level 3 of
                  | the Shoals)
 40453 | Shoals:3 | Received a gift from Okawaru
 40679 | Shoals:3 | Killed Rithrul's ghost
 40680 | Shoals:3 | Reached skill level 20 in Axes
 40681 | Shoals:3 | Killed Gizxutwo's ghost
 40812 | Shoals:3 | Identified the +0 animal skin "Coeboki" {rC+}
 40849 | Shoals:4 | Entered Level 4 of the Shoals
 41429 | Shoals:4 | Noticed Ilsuiw
 41448 | Shoals:4 | Killed Ilsuiw
 42110 | Shoals:4 | Reached skill level 21 in Axes
 42212 | Shoals:4 | Received a gift from Okawaru
 42725 | Shoals:4 | Identified the +2 dagger of the Thirteen Ears {freeze,
                  | *Noise +Blink rF+ Str+5}
 42745 | Shoals:4 | Reached skill level 22 in Axes
 42751 | Shoals:4 | Noticed Polyphemus
 42755 | Shoals:4 | Killed Polyphemus
 43047 | Shoals:4 | Got a barnacled rune of Zot
 43246 | Shoals:4 | Identified Roxanne's Reference Book on Transmigration
 43246 | Shoals:4 | Noticed Roxanne
 43265 | Shoals:4 | Killed Roxanne
 43854 | D:13     | Killed Jorgrun
 43999 | D:13     | Noticed Erolcha
 44013 | D:13     | Killed Erolcha
 44102 | D:13     | Found a shadowy altar of Dithmenos.
 44322 | D:14     | Found a gate to the Vaults.
 44365 | D:14     | Found a shimmering blue altar of Sif Muna.
 44994 | D:14     | Reached skill level 23 in Axes
 45018 | D:14     | Cast into level 2 of the Abyss (a wizard)
 45071 | D:14     | Escaped the Abyss
 45148 | D:14     | Received a gift from Okawaru
 45185 | D:14     | Got the Compendium of Feathery Transformation
 45405 | D:14     | Reached XP level 19. HP: 147/183 MP: 27/27
 45963 | D:14     | Found a portal to a secret trove of treasure.
 46100 | D:14     | Identified the ring of Alyqegy {+Blink rPois rN+ Int-3
                  | Slay+4}
 46189 | D:14     | Identified the +5 hunting sling of Rueclux {freeze, +Blink
                  | Str+7}
 46549 | D:15     | Entered Level 15 of the Dungeon
 46557 | D:15     | Reached skill level 1 in Dodging
 46647 | D:15     | Found Taydaiwe's Book Shop.
 46871 | D:15     | Found a white marble altar of Elyvilon.
 46963 | D:15     | Reached skill level 5 in Dodging
 47258 | D:15     | Paralysed by a great orb of eyes for 6 turns
 47356 | D:15     | Found a staircase to the Depths.
 47492 | D:15     | Found Byhudiul's Distillery.
 47823 | Elf:1    | Entered Level 1 of the Elven Halls
 47882 | Elf:1    | Received a gift from Okawaru
 48409 | Elf:1    | HP: 7/183 [deep elf knight/arrow (6)]
 49200 | Elf:1    | Reached skill level 10 in Dodging
 49601 | Elf:2    | Noticed Azrael
 49602 | Arena    | Entered the Arena
 49603 | Arena    | Killed Azrael
 49896 | Elf:2    | Received a gift from Okawaru
 50784 | Elf:2    | Found a runed translucent gate.
 50785 | Elf:2    | Found a runed translucent gate.
 50785 | Elf:2    | Found a runed translucent gate.
 51480 | Elf:2    | Noticed Saint Roka
 51481 | Arena    | Entered the Arena
 51486 | Arena    | Killed Saint Roka
 51487 | Arena    | Reached XP level 20. HP: 181/191 MP: 21/28
 52065 | Elf:2    | Identified the +5 ring mail "Eraduplyok" {Stlth+} (Okawaru
                  | gifted it to you on level 2 of the Elven Halls)
 52065 | Elf:2    | Received a gift from Okawaru
 52623 | Elf:3    | Entered Level 3 of the Elven Halls
 53076 | Elf:3    | Noticed Bai Suzhen
 53079 | Arena    | Entered the Arena
 53089 | Arena    | Killed Bai Suzhen
 53112 | Elf:3    | Paralysed by an air elemental for 1 turns
 53316 | Elf:3    | Identified the +4 scimitar "Xucuev" {spect, +Blink rC+ MP+9
                  | Dex-3}
 53316 | Elf:3    | Identified the ring of the Blue Skies {EV+4 Slay+3}
 53825 | Elf:3    | Paralysed by an air elemental for 1 turns
 53830 | Elf:3    | Paralysed by an air elemental for 1 turns
 53831 | Elf:3    | Identified the +9 quarterstaff of Eternal War {vorpal, rC+
                  | Str+3}
 53850 | Elf:3    | Identified the +6 morningstar "Hahedea" {speed, Contam
                  | *Noise rElec Will+++ Str+4}
 54046 | Elf:3    | Identified the +8 mace of Qergh {spect, Drain rF+ rN+
                  | Dex+2}
 54051 | Elf:3    | Identified the +3 scimitar "Atiy" {holy, rN++}
 54061 | Elf:3    | Killed from afar by a deep elf annihilator

Illustrated notes

Levels and vault maps discovered:
D:1:      scummos_arrival_hexagon, layout_loops_corners,
          shapermc_ecumenical_altar_pompeii
D:2:      layout_loops_ring, kennysheep_small_spiral, kennysheep_path_1
D:3:      layout_basic, amcnicky_altar_gilded, portal_sewer_entry_e,
          serial_shops, nicolae_shop_competitors_out_of_business
D:4:      layout_loops_ring, uniq_ijyb, uniq_duvessa
D:5:      layout_loops_corners, serial_shops, nicolae_shop_statue_plus
D:6:      layout_basic, temple_hall, minmay_fractal_squares_5
D:7:      layout_loops_ring, enter_bailey_5, minmay_misc_feat_x,
          roderic_lattice_a, uniq_maggie
D:8:      layout_loops_corners, grunt_lair_entry_orc_guard_hut
D:9:      layout_roguey [special_room_orc]
D:10:     minmay_goldmine, layout_loops_ring, uniq_gastronok, uniq_harold
D:11:     layout_cave_pods, erik_orc_1, serial_bayou_lake_a, uniq_urug,
          uniq_nergalle, uniq_amaemon
D:12:     layout_basic
D:13:     layout_big_octagon, grunt_dithmenos_smoke_and_mirrors, uniq_erolcha,
          uniq_jorgrun
D:14:     minmay_spiral_squares, layout_cave_pools,
          hangedman_abyss_or_decor_slice, nicolae_trove_entry_crossroad, tgw_sif
D:15:     hangedman_depths_entry_try_elsewhere_first, layout_rooms,
          serial_shops, nicolae_diamond_shop, shop, elyvilon_altar_1
Temple:   compressed_dpeg_circular_temple
Lair:1:   layout_small_grid, portal_ice_cave_entry_imps,
          cheibrodos_lair_lostbears, infiniplex_staircase_pool_2
Lair:2:   layout_hall_layers, tgw_fedhas, grunt_megastairs_2,
          infiniplex_staircase_pool, lemuel_fruit_tree, serial_bayou_shore_b
Lair:3:   layout_cave_pods, spider_nest_entry_funnel_web
Lair:4:   layout_big_grid, minmay_shoals_entry_centaurs, basic_altar,
          ebering_ghost_funeral_grove, grunt_megastairs_3
Lair:5:   layout_roguey, minmay_slime_entry_jelly_boxes, ebering_ghost_xom,
          grunt_megastairs_5
Lair:6:   gammafunk_lair_ancient_temple, layout_long_grid,
          gammafunk_ghost_cemetery, serial_bayou_shore_a
Shoals:1: layout_shoals
Shoals:2: layout_shoals, ebering_ghost_gozag, kb_tengu_band
Shoals:3: argonaut_golden_fleece, layout_shoals, gammafunk_ghost_cemetery
Shoals:4: shoals_end_hangedman, layout_shoals, shoals_ilsuiw_ice,
          uniq_polyphemus, uniq_roxanne
Spider:1: spiders_nest_a, drop_trap, spiders_nest_hornet_nest
Spider:2: layout_spider_delve
Spider:3: layout_spider_delve, dreamdust_wasp_nest
Spider:4: guppyfry_spider_rune, nicolae_spider_twisty_arc_passages, uniq_arachne
Orc:1:    layout_diamond_mine, serial_shops, shop
Orc:2:    st_orc_open, layout_caves
Elf:1:    nicolae_elf_arrival_fired_up, layout_geoelf_grid,
          hangedman_elf_represent
Elf:2:    nicolae_elf_blades_crystal_corner, layout_gridlike,
          serial_co_window_serial, co_window_corner_a, co_window_corner_a,
          co_window_corner_a, co_window_paths_a, co_window_paths_b,
          co_window_corner_a, co_window_paths_b, co_window_corner_cb,
          co_window_corner_cb, co_window_4corner_a, co_window_paths_e,
          uniq_saint_roka, uniq_azrael
Elf:3:    grunt_elf_hall_diamonds, layout_geoelf_castle, uniq_bai_suzhen

Skill      XL: |  1  2  3  4  5  6  7  8  9 10 11 12 13 14 15 16 17 18 19 20 |
---------------+-------------------------------------------------------------+-----
Maces & Flails | 3 4 5 6 8 9 11 13 14 | 14.5
Fighting       | 9 16 19 21 | 21.1
Axes           | 7 14 18 19 23 | 23.8
Armour         | 5 11 13 19 22 | 22.5
Invocations    | 1 8 12 | 12.9
Dodging        | 12 14 | 14.0
Shields        | |  3.6

Action                   |  1- 3 |  4- 6 |  7- 9 | 10-12 | 13-15 | 16-18 | 19-21 || total
-------------------------+-------+-------+-------+-------+-------+-------+-------++-------
Melee: Flail             |   111 |   148 |   194 |       |       |       |       ||   453
       Headbutt          |     9 |    16 |    37 |    96 |   104 |   205 |    83 ||   550
       Demon whip        |       |       |    75 |   275 |       |       |       ||   350
       Mace              |       |       |     1 |       |       |       |       ||     1
       Battleaxe         |       |       |       |   222 |   623 |   537 |       ||  1382
       Executioner's axe |       |       |       |       |       |   444 |   497 ||   941
Throw: Dart              |       |       |     9 |       |       |       |       ||     9
Invok: Heroism           |       |       |       |     5 |     5 |     7 |     6 ||    23
       Finesse           |       |       |       |       |     6 |     9 |     5 ||    20
       Duel              |       |       |       |       |       |       |     3 ||     3
Evoke: Condenser vane    |       |       |       |       |     1 |     2 |       ||     3
       Wand              |       |       |       |       |       |     3 |     1 ||     4
  Use: Scroll            |     3 |     7 |     5 |     6 |    15 |     2 |     6 ||    44
       Potion            |       |       |       |     2 |     4 |     5 |     7 ||    18
 Stab: Confused          |       |       |       |       |       |     3 |       ||     3
Armor: Scale mail        |    42 |    64 |    65 |       |       |       |       ||   171
       Chain mail        |       |       |    29 |       |       |       |       ||    29
       Storm dragon scal |       |       |    16 |   310 |   344 |   799 |   282 ||  1751
Dodge: Dodged            |    56 |    74 |    89 |   146 |   217 |   416 |   217 ||  1215
Block: Buckler           |    25 |    31 |    64 |    44 |       |       |       ||   164
       Other             |       |       |       |       |    13 |   214 |   107 ||   334
       Reflection        |       |       |       |       |       |    20 |    35 ||    55

Table legend: (Time is in decaauts)
 A = Elapsed time spent in this place.
 B = Non-inter-level travel time spent in this place.
 C = Inter-level travel time spent in this place.
 D = Time resting spent in this place.
 E = Time spent auto-exploring this place.
 F = Levels seen in this place.
 G = Mean time per level.
                   A        B        C        D        E       F      G
               +--------+--------+--------+--------+--------+-----+--------+
         Total |  53502 |  50071 |   3431 |  15410 |  27596 |  42 | 1273.9 |
       Dungeon |  19999 |  18300 |   1699 |   4581 |  11221 |  15 | 1333.3 |
        Temple |     83 |     62 |     21 |      0 |     44 |   1 |   83.0 |
          Lair |   7729 |   7087 |    642 |   1364 |   4900 |   6 | 1288.2 |
        Shoals |   8226 |   7881 |    345 |   2534 |   4409 |   4 | 2056.5 |
   Spider Nest |   6391 |   6097 |    294 |   2932 |   2215 |   4 | 1597.8 |
  Orcish Mines |   2384 |   2076 |    308 |    650 |   1240 |   2 | 1192.0 |
   Elven Halls |   5684 |   5564 |    120 |   2140 |   2540 |   3 | 1894.7 |
         Abyss |     52 |     52 |      0 |      0 |     37 |   1 |   52.0 |
         Sewer |   1041 |   1041 |      0 |    284 |    533 |   1 | 1041.0 |
        Bailey |    922 |    922 |      0 |    429 |    283 |   1 |  922.0 |
      Ice Cave |    923 |    923 |      0 |    467 |    172 |   1 |  923.0 |
         Arena |     61 |     61 |      0 |     28 |      0 |   3 |   20.3 |
               +--------+--------+--------+--------+--------+-----+--------+

Top non-repeatable levels by time:
   Elf:2: 2949 daAuts
Shoals:4: 2426 daAuts
    D:14: 2289 daAuts
Shoals:2: 2227 daAuts
    D:11: 2182 daAuts
Shoals:3: 2130 daAuts
  Lair:3: 2038 daAuts
Spider:1: 2032 daAuts
Spider:3: 1799 daAuts
    D:10: 1702 daAuts
    D:12: 1682 daAuts
  Lair:1: 1536 daAuts
  Lair:6: 1501 daAuts
   Orc:2: 1490 daAuts
Shoals:1: 1441 daAuts
